 Dungeon Crawl Stone Soup version 0.28.0 (webtiles) character file.

Game seed: 593098257816597095

16 blackman the Slasher (level 2, 24/24 HPs)
             Began as a Human Monk on Feb 6, 2022.
             Was an Initiate of Ashenzari.
             Quit the game on level 1 of the Dungeon.
             The game lasted 00:01:35 (1251 turns).

blackman the Slasher (Human Monk)                   Turns: 1251, Time: 00:01:36

Health: 24/24      AC:  2    Str: 11    XL:     2   Next: 75%
Magic:  2/2        EV: 13    Int: 10    God:    Ashenzari [......]
Gold:   21         SH:  0    Dex: 15    Spells: 1/1 levels left

rFire   . . .      SeeInvis .   a - +0 falchion
rCold   . . .      Faith    .   (no shield)
rNeg    . . .      Spirit   .   b - +0 robe
rPois   .          Reflect  .   (no helmet)
rElec   .          Harm     .   (no cloak)
rCorr   .          Rampage  .   (no gloves)
Will    .....                   (no boots)
Stlth   ++........              (no amulet)
HPRegen 0.08/turn               (no ring)
MPRegen 0.08/turn               (no ring)

@: no status effects
A: no striking features
a: Renounce Religion, Curse Item


You were on level 1 of the Dungeon.
You worshipped Ashenzari.
Ashenzari was noncommittal.
You visited 1 branch of the dungeon, and saw 2 of its levels.

You collected 21 gold pieces.

Inventory:

Hand Weapons
 a - a +0 falchion (weapon)
Missiles
 d - 3 poisoned darts (quivered)
Armour
 b - a +0 robe (worn)
Scrolls
 f - a scroll of magic mapping {unknown}
 g - a scroll of identify {unknown}
 h - a scroll of fear {unknown}
Potions
 c - a potion of curing {unknown}
 e - a potion of mutation {unknown}


   Skills:
 - Level 3.0 Fighting
 + Level 3.8 Long Blades
 - Level 3.0 Dodging
 - Level 2.0 Stealth


You had one spell level left.
You didn't know any spells.
Your spell library was empty.

Dungeon Overview and Level Annotations

Branches:
Dungeon (2/15)

Altars:
Ashenzari

Shops:
D:1 =


Message History

The jackal bites you. The jackal closely misses you. The bat hits you.
The jackal barely misses you. The jackal bites you.
You hit the jackal.
You kill the jackal!
The bat hits you but does no damage. The jackal misses you.
The jackal bites you but does no damage.
You hit the jackal.
The jackal is severely wounded.
The bat barely misses you. The jackal misses you.
The jackal bites you but does no damage.
The jackal bites you. The jackal barely misses you. The jackal bites you.
The bat closely misses you.
There is a shaft here.
The bat is sucked into a shaft!
The shaft crumbles and collapses.
You hit the jackal.
The jackal is almost dead.
The jackal misses you.
You hit the jackal.
The jackal is almost dead.
The jackal bites you. x2
You hit the jackal.
You kill the jackal!
The jackal bites you.
You closely miss the jackal. The jackal closely misses you. x2
You hit the jackal.
The jackal is severely wounded.
The jackal bites you.
You hit the jackal.
You kill the jackal!
You start resting.
HP restored.
There is a faded altar of an unknown god here.
You cannot tell which god this altar belongs to.
Convert to them anyway?
Ashenzari accepts your prayer! Ashenzari welcomes you!
Ashenzari invites you to partake of a vision and a curse of fortitude and melee combat.
Ashenzari warns you of distant threats and treasures.
Ashenzari reveals the structure of the dungeon to you.
Ashenzari shows you where magical portals lie.
Unknown command.
Press < or > to pray at altars.
Are you sure you want to abandon this character and quit the game? (Confirm with "yes".)

#.#.#
#.#..........#
..#.#
#.###.######.#
##.#.# #.#...#
#.# ## #...# #.#
#...# #.# #...#
#.# #...# #.#
##...##
#.########
##..@..##
#.........
#.....†.##
##########
#...###...##
#...# ##...##
#....# ##...#
#....
#.##...##########
####
#................
#################


There were no monsters in sight!

Vanquished Creatures
  A worm (D:2)
  An endoplasm (D:1)
  A giant cockroach (D:1)
  A goblin (D:2)
  4 jackals (D:1)
  A ball python (D:2)
  A bat (D:2)
  A frilled lizard (D:2)
  A kobold (D:2)
  A rat (D:2)
13 creatures vanquished.

Notes
Turn   | Place    | Note
-------+----------+-------------------------------------------
     0 | D:1      | blackman the Human Monk began the quest for the Orb.
     0 | D:1      | Reached XP level 1. HP: 18/18 MP: 1/1
    72 | D:1      | Found Yseuqiuphe's Jewellery Emporium.
    91 | D:1      | You fall into a shaft and drop 1 floor!
   684 | D:2      | Reached XP level 2. HP: 17/24 MP: 2/2
  1056 | D:1      | Found a faded altar of an unknown god.
  1250 | D:1      | Prayed at the altar of an unknown god.
  1250 | D:1      | Became a worshipper of Ashenzari the Shackled
  1251 | D:1      | Quit the game

Illustrated notes

Levels and vault maps discovered:
D:1:      wander_arrival_fairy_ring, layout_basic, serial_shops, shop,
          hellmonk_ecumenical_altar_crossroads
D:2:      layout_loops_corners, minmay_pentomino_p4

Action                   || total
-------------------------++-------
Melee: Falchion          ||    49
 Stab: Sleeping          ||     4
Armor: Robe              ||     9
Dodge: Dodged            ||    39
